 Dungeon Crawl Stone Soup version 0.19-a0-854-gc78d25d (webtiles) character file.

22 Implojin the Chopper (level 2, 0/26 HPs)
             Began as a Minotaur Fighter on July 1, 2016.
             Succumbed to Sigmund's poison
             ... on level 2 of the Dungeon.
             The game lasted 00:00:30 (85 turns).

Implojin the Chopper (Minotaur Fighter)               Turns: 85, Time: 00:00:31

Health: 0/26       AC:  6    Str: 25    XL:     2   Next: 68%
Magic:  1/1        EV:  7    Int:  5    God:
Gold:   14         SH:  9    Dex:  9    Spells: 0 memorised, 1 level left

rFire  . . .     SeeInvis .     a - +0 war axe
rCold  . . .     Gourm    .     b - +0 scale mail
rNeg   . . .     Faith    .     c - +0 shield
rPois  .         Spirit   .     (helmet restricted)
rElec  .         Dismiss  .     (no cloak)
rCorr  .         Reflect  .     (no gloves)
SustAt .         Harm     .     (no boots)
MR     .....                    e - amulet of magic regeneration
Stlth  ..........               (no ring)
                                (no ring)

@: mighty, lethally poisoned (0 -> -5), not resistant to hostile enchantments,
extremely unstealthy
A: retaliatory headbutt, horns 2
a: no special abilities


You were on level 2 of the Dungeon.
You were not hungry.

You visited 1 branch of the dungeon, and saw 2 of its levels.

You collected 14 gold pieces.

Inventory:

Hand Weapons
 a - a +0 war axe (weapon)
Armour
 b - a +0 scale mail (worn)
 c - a +0 shield (worn)
Jewellery
 e - an amulet of magic regeneration (around neck)
Scrolls
 g - a scroll of random uselessness {unknown}
Comestibles
 f - a bread ration


   Skills:
 - Level 3.6 Fighting
 * Level 4.0 Axes
 - Level 3.6 Armour
 - Level 3.6 Shields


You had one spell level left.
You didn't know any spells.

Dungeon Overview and Level Annotations

Branches:
Dungeon (2/15)

Altars:

Annotations:
D:2 Sigmund


Innate Abilities, Weirdness & Mutations

You reflexively headbutt those who attack you in melee.
You have a pair of horns on your head.


Message History

Sigmund flickers and vanishes!
Deactivating autopickup; reactivate with Ctrl-A.
You barely miss the kobold. The kobold barely misses you.
You hit the kobold but do no damage. The kobold barely misses you.
You furiously retaliate!
You headbutt the kobold!
You kill the kobold!
You feel very mighty all of a sudden. The gnoll barely misses you.
The gnoll hits you from afar with a spear.
Unknown command.
Unknown command.
Your shield and scale mail prevent you from hitting the gnoll.
The gnoll hits you but does no damage.
The gnoll hits you from afar with a spear.
You slash the gnoll! You headbutt the gnoll.
You kill the gnoll!
Your Axes skill increases to level 3!
You have reached level 2!
You block the gnoll's attack. The gnoll hits you but does no damage.
The gnoll hits you with a spear.
* * * LOW HITPOINT WARNING * * *
You see here a club.
You slash the gnoll!
You kill the gnoll!
You block something's attack. You block the goblin's attack.
You closely miss the goblin. You block the goblin's attack. Something hits you.
* * * LOW HITPOINT WARNING * * *
You are poisoned.
Unknown command.
You barely miss the goblin. You headbutt the goblin.
You kill the goblin!
Your Axes skill increases to level 4!
You feel sick. Something hits you!
* * * LOW HITPOINT WARNING * * *
Unknown command.
You aren't carrying any potions.
Things that are here:
a spear; a goblin corpse; a gnoll corpse You closely miss something.
You die...

#.........
#.........
#.........
#.........
#.........
#....g@...
##'#####..
#.# #@#
#)# #.#
#†# #.#
#.# #.#
#.# #.#


There were no monsters in sight!

Vanquished Creatures
  2 gnolls (D:2)
  A goblin (D:2)
  A hobgoblin (D:1)
  A kobold (D:2)
5 creatures vanquished.

Notes
Turn   | Place    | Note
-------+----------+-------------------------------------------
     0 | D:1      | Implojin the Minotaur Fighter began the quest for the Orb.
     0 | D:1      | Reached XP level 1. HP: 19/19 MP: 0/0
    68 | D:2      | Noticed Sigmund
    79 | D:2      | Reached skill level 3 in Axes
    79 | D:2      | Reached XP level 2. HP: 18/26 MP: 1/1
    83 | D:2      | Reached skill level 4 in Axes
    83 | D:2      | HP: 1/26 [something (9)]
    85 | D:2      | Succumbed to Sigmund's poison

Vault maps used:
D:1:      dpeg_arrival_snail
D:2:      minmay_rat_gold_closets, uniq_iyjb, uniq_crazy_yiuf_cottage,
          uniq_sigmund

Skill      XL: |  1  2 |
---------------+-------+-----
Axes           | 3 4 |  4.0
Fighting       | |  3.6
Armour         | |  3.6
Shields        | |  3.6

Action                   || total
-------------------------++-------
Melee: War axe           ||     9
       Headbutt          ||     2
  Use: Potion            ||     1
Armor: Scale mail        ||     1
Dodge: Dodged            ||     4
Block: Shield            ||     6

Table legend:
 A = Turns spent in this place as a percentage of turns spent in the entire game.
 B = Non-inter-level travel turns spent in this place as a percentage of non-inter-level travel turns spent in the entire game.
 C = Inter-level travel turns spent in this place as a percentage of turns spent in this place.
 D = Turns resting spent in this place as a percentage of non-inter-level travel turns spent in this place.
 E = Turns spent auto-exploring this place as a percentage of non-inter-level travel turns spent in this place.
 F = Non-inter-level travel turns spent in this place divided by the number of levels of this place that you've seen.
                   A       B       C       D       E      F
               +-------+-------+-------+-------+-------+----------------------
         Total | 100.0 | 100.0 |   0.0 |   0.0 |   0.0 |  44.5
       Dungeon | 100.0 | 100.0 |   0.0 |   0.0 |   0.0 |  44.5
               +-------+-------+-------+-------+-------+----------------------

Table legend:
 A = Kills in this place as a percentage of kills in entire the game.
 B = Kills by you in this place as a percentage of kills by you in the entire game.
 C = Kills by friends in this place as a percentage of kills by friends in the entire game.
 D = Other kills in this place as a percentage of other kills in the entire game.
 E = Experience gained in this place as a percentage of experience gained in the entire game.
 F = Experience gained in this place divided by the number of levels of this place that you have seen.
                   A       B       C       D       E      F
               +-------+-------+-------+-------+-------+----------------------
         Total | 100.0 | 100.0 |  -nan |  -nan | 100.0 |  16.0
       Dungeon | 100.0 | 100.0 |  -nan |  -nan | 100.0 |  16.0
               +-------+-------+-------+-------+-------+----------------------
